 Dungeon Crawl Stone Soup version 0.17.2-1-ge4368a0 (webtiles) character file.

347 Goblin1989 the Cutter (level 6, -6/32 HPs)
             Began as a Vine Stalker Berserker on Dec 8, 2016.
             Was a Priest of Trog.
             Killed from afar by an orc wizard (15 damage)
             ... with a wand of lightning
             ... on level 4 of the Dungeon on Dec 10, 2016.
             The game lasted 00:12:46 (2015 turns).

Goblin1989 the Cutter (Vine Stalker Berserker)      Turns: 2015, Time: 00:12:46

Health: -6/32      AC: 12    Str: 20    XL:     6   Next: 59%
Magic:  0/7        EV: 11    Int:  7    God:    Trog [***...]
Gold:   198        SH:  0    Dex: 17    Spells: 0 memorised, 5 levels left

rFire  . . .     SeeInvis .     a - +1 short sword
rCold  . . .     Clarity  .     f - +0 ring mail
rNeg   . . .     SustAt   .     (no shield)
rPois  .         Gourm    .     r - +0 helmet
rElec  .         Spirit   +     k - +1 cloak {+Inv}
rCorr  .         Warding  .     (no gloves)
rMut   +         Stasis   .     (no boots)
MR     .....                    j - amulet of resist mutation
Stlth  ++........               h - +4 ring of protection
                                b - ring of loudness (curse)

@: lethally poisoned (-6 -> -7), not resistant to hostile enchantments,
unstealthy
A: fangs 2, thin skeletal structure 1, regeneration 2, magic shield, antimagic
bite, no device heal 3, rot immunity
a: Berserk, Trog's Hand, Burn Spellbooks, Renounce Religion, Evoke Invisibility


You were on level 4 of the Dungeon.
You worshipped Trog.
Trog was most pleased with you.
You were not hungry.

You visited 1 branch of the dungeon, and saw 4 of its levels.

You collected 198 gold pieces.

Inventory:

Hand Weapons
 a - a +1 short sword (weapon)
Armour
 f - a +0 ring mail (worn)
 k - a +1 cloak of invisibility (worn)
 r - a +0 helmet (worn)
 s - a +0 pair of gloves
 u - a +0 pair of gloves
Jewellery
 b - a cursed ring of loudness (left hand)
 h - a +4 ring of protection (right hand)
 j - an amulet of resist mutation (around neck)
 n - a ring of sustain attributes {unknown}
 p - a ring of protection from magic {unknown}
Wands
 L - a wand of lightning (6)
Scrolls
 g - a scroll of recharging
 t - a scroll of remove curse {unknown}
 R - a scroll of identify {@r1}
Potions
 e - 2 potions of ambrosia {!q}
 i - 2 potions of curing {@q1}
 l - a potion of might {unknown}
 m - a potion of magic
Comestibles
 c - 3 bread rations {@e1}
 d - a royal jelly
 o - a meat ration {@e2}
 q - a beef jerky


   Skills:
 - Level 2.6 Fighting
 * Level 5.5 Short Blades
 - Level 1.5 Armour
 - Level 1.5 Dodging
 + Level 4.6 Stealth


You had 5 spell levels left.
You didn't know any spells.

Dungeon Overview and Level Annotations

Branches:
Dungeon (4/15)
 Temple: D:4-7

Altars:
Elyvilon


Innate Abilities, Weirdness & Mutations

You have extremely sharp teeth.
You heal very quickly.
When hurt, damage is shared between your health and your magic reserves.
Your bite disrupts and absorbs the magic of your enemies.
Potions and wands cannot restore your health.
You are immune to rotting.
You have a somewhat thin skeletal structure (Dex +2, Stealth).


Message History

You feel sick. The hound closely misses you.
You take 1 damage, and have 25/32 hp.
You puncture the hound!
You kill the hound!
Trog accepts your kill.
You hear a zap.
A bolt of lightning appears from out of thin air!
The bolt of lightning hits the orc.
The orc dies!
The bolt of lightning hits you!
Ouch! That really hurt!
* * * LOW HITPOINT WARNING * * *
You take 17 damage, and have 8/32 hp.
MASSIVE DAMAGE!!
You now have 2/7 mp.
You hear a zap.
A bolt of lightning appears from out of thin air!
The bolt of lightning misses you.
You hear a zap.
A bolt of lightning appears from out of thin air!
The bolt of lightning hits you!
You die...

.........)........██........█████
......███†█....██................
..........████..............█████
███...██.....(..█.█..█......█████
███...██......███.██.█..........█
..........███..██......█████.....
.[..).......██.████...██.........
........█.█..█.████...█ .████...█
........█.██.█..@.....██.█...>█<█
..........██{)█████.............█
........█.███...█......███......█
██████............█......█......█
..█████......██...██...█........█
█...███....█...█.......███.......
█.........██..........|......█.
█...███...██.[..÷....███.....██
█..█..████.████..█.█..█ █.....█


There were no monsters in sight!

Vanquished Creatures
  A hound (D:4)
  A centaur skeleton (D:4)
  2 orc priests (D:2)
  Crazy Yiuf (D:2)
  An orc wizard (D:3)
  2 worker ants (D:4)
  3 adders
  3 worms
  3 giant geckos
  12 orcs
  8 bats
  5 giant cockroaches
  8 hobgoblins
  2 jackals (D:2)
  A ball python (D:4)
  A giant gecko skeleton (D:4)
  3 giant newts
  9 goblins
  A jackal skeleton (D:4)
  5 kobolds
  2 quokkas
  7 rats
81 creatures vanquished.

Vanquished Creatures (others)
  An orc (D:4)
1 creature vanquished.

Grand Total: 82 creatures vanquished

Notes
Turn   | Place    | Note
--------------------------------------------------------------
     0 | D:1      | Goblin1989 the Vine Stalker Berserker began the quest for the Orb.
     0 | D:1      | Reached XP level 1. HP: 11/11 MP: 2/2
   218 | D:1      | Reached skill level 3 in Short Blades
   232 | D:1      | Reached XP level 2. HP: 14/16 MP: 3/3
   399 | D:1      | Reached skill level 1 in Stealth
   486 | D:1      | Reached XP level 3. HP: 19/19 MP: 4/4
   612 | D:2      | Reached ** piety under Trog
  1065 | D:2      | Reached XP level 4. HP: 23/23 MP: 5/5
  1105 | D:2      | Noticed Crazy Yiuf
  1122 | D:2      | Killed Crazy Yiuf
  1122 | D:2      | Reached skill level 4 in Short Blades
  1215 | D:2      | Reached XP level 5. HP: 22/27 MP: 4/6
  1417 | D:3      | Gained mutation: You have a somewhat thin skeletal structure (Dex +2, Stealth). [potion of beneficial mutation]
  1430 | D:3      | Reached *** piety under Trog
  1458 | D:3      | Found a white marble altar of Elyvilon.
  1617 | D:3      | Reached skill level 5 in Short Blades
  1829 | D:4      | Gained mutation: You heal very quickly. [Vine Stalker growth]
  1829 | D:4      | Reached XP level 6. HP: 32/32 MP: 7/7
  2015 | D:4      | Killed from afar by an orc wizard

Action                   |  1- 3 |  4- 6 || total
-------------------------+-------+-------++-------
Melee: Short sword       |   140 |   143 ||   283
Invok: Trog's Hand       |       |     1 ||     1
  Use: Scroll            |     1 |     5 ||     6
       Potion            |       |     1 ||     1
  Eat: Chunk             |       |     4 ||     4

Vault maps used:
D:1:      matt_arrival_refuge
D:2:      first_bread, uniq_crazy_yiuf_cottage
D:3:      lemuel_doored_altar
